 Dungeon Crawl Stone Soup version 0.32-a0-468-g38b2580584 (webtiles) character file.

Game seed: 512152854200932689

1493 shadizar the Ducker (level 9, -3/66 HPs)
             Began as a Djinni Conjurer on Feb 24, 2024.
             Was a Follower of Makhleb.
             Slain by Edmund
             ... wielding a +1 flail of protection
              (9 damage)
             ... on level 6 of the Dungeon.
             The game lasted 00:09:06 (4000 turns).

shadizar the Ducker (Djinni Conjurer)               Turns: 4000, Time: 00:09:07

Health: -3/66      AC:  7    Str:  6    XL:     9   Next: 8%
Gold:   201        EV: 14    Int: 25    God:    Makhleb [*.....] SH:  0 Dex: 11

rFire   + + .        q - +3 mace (flame)
rCold   x . .        (no shield)
rNeg    . . .        a - +1 robe
rPois   ∞            (no helmet)
rElec   .            (no cloak)
rCorr   .            (no gloves)
SInv    .            (boots unavailable)
Will    +....        (no amulet)
Stlth   ++           n - +4 ring of protection
HPRegen 0.31/turn    m - ring of willpower
MPRegen 0.00/turn

%: infuse magic (-4 HP)
@: flying, very slightly contaminated
A: sickness immunity, fire resistance 2, cold vulnerability 1, float, innate
caster, HP casting, extra vitality 1
a: Renounce Religion


You were on level 6 of the Dungeon.
You worshipped Makhleb.
Makhleb was aware of your devotion.
You visited 2 branches of the dungeon, and saw 7 of its levels.

You collected 201 gold pieces.

Inventory:

Hand Weapons
 p - a +1 dagger of holy wrath
 q - a +3 mace of flaming (weapon)
 w - a +7 vampiric short sword
 y - a +3 whip of electrocution
Armour
 a - a +1 robe (worn)
Jewellery
 b - a ring of protection from fire
 h - a +4 ring of slaying
 m - a ring of willpower (right hand)
 n - a +4 ring of protection (left hand)
Wands
 t - a wand of flame (27)
 v - a wand of mindburst (7)
Scrolls
 c - 4 scrolls of identify
 d - 2 scrolls of fog
 k - a scroll of blinking
 s - a scroll of vulnerability {unknown}
 x - 2 scrolls of immolation {unknown}
 z - a scroll of enchant weapon {unknown}
Potions
 e - 3 potions of brilliance
 g - 2 potions of lignification {unknown}
 j - 3 potions of haste {unknown}
 o - a potion of berserk rage {unknown}
 r - a potion of might {unknown}
 u - a potion of magic {unknown}


   Skills:
 + Level 5.9 Fighting
 + Level 7.0 Dodging
 - Level 1.5 Stealth
 + Level 6.0 Spellcasting
 + Level 6.0 Conjurations
 + Level 6.0 Hexes
 + Level 6.0 Summonings
 + Level 6.0 Necromancy
 + Level 6.0 Translocations
 + Level 6.0 Fire Magic
 + Level 6.0 Ice Magic
 + Level 6.0 Air Magic
 + Level 6.0 Earth Magic
 + Level 6.0 Alchemy


You knew the following spells:

 Your Spells              Type           Power      Damage    Failure   Level
a - Magic Dart            Conj           100%       1d8       1%          1
b - Searing Ray           Conj           74%        2d7       1%          2
c - Fulminant Prism       Conj/Alch      18%        3d10      6%          4
d - Iskenderun's Mystic   Conj/Tloc      37%        2d9       6%          4
e - Sandblast             Erth           74%        2d16      1%          1
f - Mercury Vapours       Alch/Air       74%        N/A       1%          2
g - Sigil of Binding      Hex            37%        N/A       1%          3
h - Sticky Flame          Fire/Alch      37%        2d8       6%          4
Your spell library was empty.

Dungeon Overview and Level Annotations

Branches:
Dungeon (6/15)             Temple (1/1) D:4

Altars:
Cheibriados
Dithmenos
Elyvilon
Fedhas
Gozag
Hepliaklqana
Makhleb
Nemelex Xobeh
Okawaru
Qazlal
Ru
Trog
Wu Jian
Yredelemnul
The Shining One

Shops:
D:4 *

Portals:
Ossuary: D:6

Annotations:
D:2 1 runed translucent door, Crazy Yiuf
D:6 Edmund


Innate Abilities, Weirdness & Mutations

You are immune to sickness and miasma.
You are immune to poison.
Your flesh is very heat resistant. (rF++)
You are vulnerable to cold. (rC-)
You float through the air rather than walking.
You learn spells naturally, not from books.
Your magical power is your life essence.
You have superior vitality. (+4 MHP)


Message History

Unknown command.
Unknown command.
Okay, then.
Casting: Iskenderun's Mystic Blast (dangerous; 6% risk of failure)
Confirm with . or Enter, or press ? or * to list all spells.
Aiming: Sandblast (safe; 1% risk of failure)
Press: ? - help, Shift-Dir - straight line, f/p - Edmund
Aim: Edmund, wielding a +1 flail of protection and wearing a +0 chain mail (severely wounded, 88% to hit)
The blast of sand hits Edmund.
Edmund is severely wounded.
* * * LOW HITPOINT WARNING * * *
Unknown command.
Unknown command.
Unknown command.
Unknown command.
Unknown command.
Unknown command.
Unknown command.
Unknown command.
Casting: Sandblast (safe; 1% risk of failure)
Confirm with . or Enter, or press ? or * to list all spells.
You erupt in a blast of force!
The mystic blast hits Edmund but does no damage.
Edmund is severely wounded.
* * * LOW HITPOINT WARNING * * *
Edmund hits you with a +1 flail of protection.
* * * LOW HITPOINT WARNING * * *
Unknown command.
Unknown command.
Unknown command.
Unknown command.
Casting: Iskenderun's Mystic Blast (dangerous; 6% risk of failure)
Confirm with . or Enter, or press ? or * to list all spells.
You erupt in a blast of force!
The mystic blast hits Edmund but does no damage.
Edmund is severely wounded.
* * * LOW HITPOINT WARNING * * *
Edmund hits you with a +1 flail of protection!
You die...
Edmund whines, "They better pay attention to me now!"

# ##### #
###. ... .###
#....#.#....#
#..@@.#
#...∩...#
.........#.#
####.....# #
#......
##.#$...
#(##### #.


You could see Edmund.

Vanquished Creatures
  Pikel (D:5)
  Grinder (D:5)
  Menkaure (D:5)
  A black bear (D:4)
  Blork the orc (D:5)
  3 lemures (D:5)
  4 wights (D:5)
  2 bombardier beetles
  A hound (D:3)
  A jelly (D:5)
  An orc priest (D:5)
  Jessica (D:2)
  2 orc wizards (D:5)
  A gnoll (D:1)
  6 adders
  A ribbon worm (D:3)
  14 orcs
  3 bats
  4 endoplasms
  4 giant cockroaches
  7 goblins
  4 hobgoblins (D:1)
  4 jackals
  6 kobolds
  6 quokkas
  9 ball pythons
  2 frilled lizards
  4 rats
95 creatures vanquished.

Notes
Turn   | Place    | Note
-------+----------+-------------------------------------------
     0 | D:1      | shadizar the Djinni Conjurer began the quest for the Orb.
     0 | D:1      | shadizar set off with the following spells memorised: Magic
                  | Dart, Searing Ray, Fulminant Prism, Iskenderun's Mystic
                  | Blast.
     0 | D:1      | Reached XP level 1. HP: 15/15 MP: 0/0
     6 | D:1      | Noticed a swamp drake
     6 | D:1      | Noticed a komodo dragon
     6 | D:1      | Noticed a wolf
     7 | D:1      | Noticed an anaconda
     7 | D:1      | Noticed a killer bee
    67 | D:1      | Reached XP level 2. HP: 8/22 MP: 0/0
   314 | D:1      | Reached skill level 1 in Fighting
   440 | D:1      | Reached XP level 3. HP: 24/27 MP: 0/0
   440 | D:1      | Learned a level 1 spell: Sandblast
   500 | D:1      | Found a faded altar of an unknown god.
   826 | D:1      | Reached skill level 3 in Dodging
   967 | D:2      | Reached XP level 4. HP: 31/33 MP: 0/0
  1154 | D:2      | Found a runed translucent door.
  1155 | D:2      | Noticed Crazy Yiuf
  1292 | D:2      | Noticed Jessica
  1297 | D:2      | Killed Jessica
  1579 | D:3      | Reached XP level 5. HP: 35/39 MP: 0/0
  1579 | D:3      | Learned a level 2 spell: Mercury Vapours
  1660 | D:3      | Found an iron altar of Okawaru.
  1849 | D:3      | Found an opulent altar of Gozag.
  1975 | D:3      | Identified the +7 quarterstaff of Dutzaalati {antimagic,
                  | rF+ Str+4}
  2346 | D:4      | Found a shadowy altar of Dithmenos.
  2379 | D:4      | Found a staircase to the Ecumenical Temple.
  2380 | D:4      | Noticed a black bear
  2386 | D:4      | Killed a black bear
  2387 | D:4      | Reached skill level 4 in Dodging
  2387 | D:4      | Reached XP level 6. HP: 35/46 MP: 0/0
  2409 | Temple   | Entered the Ecumenical Temple
  2461 | Temple   | Became a worshipper of Makhleb the Destroyer
  2561 | D:4      | Found Ogref's Lightly-Used Armoury.
  2682 | D:4      | Found a snail-covered altar of Cheibriados.
  3002 | D:5      | Entered Level 5 of the Dungeon
  3005 | D:5      | Reached XP level 7. HP: 49/50 MP: 0/0
  3005 | D:5      | Learned a level 3 spell: Sigil of Binding
  3005 | D:5      | Noticed Blork the orc
  3046 | D:5      | Killed Blork the orc
  3083 | D:5      | Reached skill level 5 in Dodging
  3091 | D:5      | Reached skill level 5 in Spellcasting
  3091 | D:5      | Reached skill level 5 in Conjurations
  3091 | D:5      | Reached skill level 5 in Hexes
  3091 | D:5      | Reached skill level 5 in Summonings
  3091 | D:5      | Reached skill level 5 in Necromancy
  3091 | D:5      | Reached skill level 5 in Translocations
  3091 | D:5      | Reached skill level 5 in Fire Magic
  3091 | D:5      | Reached skill level 5 in Ice Magic
  3091 | D:5      | Reached skill level 5 in Air Magic
  3091 | D:5      | Reached skill level 5 in Earth Magic
  3091 | D:5      | Reached skill level 5 in Alchemy
  3214 | D:5      | Noticed Grinder
  3221 | D:5      | Killed Grinder
  3222 | D:5      | Reached XP level 8. HP: 35/58 MP: 0/0
  3388 | D:5      | Reached skill level 6 in Dodging
  3422 | D:5      | Reached * piety under Makhleb
  3481 | D:5      | Noticed Pikel
  3496 | D:5      | Killed Pikel
  3497 | D:5      | Reached skill level 5 in Fighting
  3631 | D:5      | Noticed Menkaure
  3634 | D:5      | Killed Menkaure
  3635 | D:5      | Reached skill level 7 in Dodging
  3635 | D:5      | Reached XP level 9. HP: 64/66 MP: 0/0
  3635 | D:5      | Learned a level 4 spell: Sticky Flame
  3755 | D:5      | Found an ornate altar of the Wu Jian Council.
  3985 | D:6      | Found a sand-covered staircase.
  3985 | D:6      | Noticed Edmund
  4000 | D:6      | Slain by Edmund

Illustrated notes

Levels and vault maps discovered:
D:1:      onia_arrival_zoo_common, layout_basic,
          hellmonk_ecumenical_altar_leap_of_faith
D:2:      layout_basic, uniq_jessica, uniq_crazy_yiuf_cottage
D:3:      layout_loops_ring, kennysheep_okawaru_gauntlet, grunt_gozag_statues,
          st_stairs_1
D:4:      layout_rooms, nicolae_dithmenos_shadow_blocks, kennysheep_mini_moat,
          vehumet_altar_wand_db, minmay_temple_entry_large_hall, abandoned_shop,
          minmay_shop_damaged, mrwooster_statue_mirror,
          nicolae_concentric_dashed_squares_wild
D:5:      layout_rooms, nzn_wu_jian_contemplation, uniq_menkaure, uniq_pikel,
          uniq_blork_the_orc, uniq_grinder
D:6:      layout_loops_ring, nicolae_overflow_two_pavilions,
          nicolae_ossuary_entry_ruins,
          mainiacjoe_sewer_entry_somewhere_in_here_2, uniq_edmund
Temple:   hellmonk_temple_of_storms

Skill      XL: |  1  2  3  4  5  6  7  8 |
---------------+-------------------------+-----
Fighting       | 1 2 3 4 5 |  5.9
Dodging        | 3 4 5 7 |  7.0
Spellcasting   | 4 5 6 |  6.0
Conjurations   | 4 5 6 |  6.0
Hexes          | 4 5 6 |  6.0
Summonings     | 4 5 6 |  6.0
Necromancy     | 4 5 6 |  6.0
Translocations | 4 5 6 |  6.0
Fire Magic     | 4 5 6 |  6.0
Ice Magic      | 4 5 6 |  6.0
Air Magic      | 4 5 6 |  6.0
Earth Magic    | 4 5 6 |  6.0
Alchemy        | 4 5 6 |  6.0
Stealth        | |  1.5

Action                     |  1- 3 |  4- 6 |  7- 9 || total
---------------------------+-------+-------+-------++-------
   Cast: Magic Dart        |    66 |    83 |    30 ||   179
         Searing Ray       |     1 |       |       ||     1
         Sandblast         |       |    14 |    42 ||    56
         Mercury Vapours   |       |     3 |       ||     3
         Iskenderun's Myst |       |       |    16 ||    16
    Use: Scroll            |       |       |     6 ||     6
 Armour: Robe              |     4 |     8 |    17 ||    29
  Dodge: Dodged            |    12 |     8 |     8 ||    28

Table legend: (Time is in decaauts)
 A = Elapsed time spent in this place.
 B = Non-inter-level travel time spent in this place.
 C = Inter-level travel time spent in this place.
 D = Time resting spent in this place.
 E = Time spent auto-exploring this place.
 F = Levels seen in this place.
 G = Mean time per level.
                   A        B        C        D        E       F      G
               +--------+--------+--------+--------+--------+-----+--------+
         Total |   4030 |   3880 |    150 |      0 |   3223 |   7 |  575.7 |
       Dungeon |   3965 |   3815 |    150 |      0 |   3186 |   6 |  660.8 |
        Temple |     64 |     64 |      0 |      0 |     37 |   1 |   64.0 |
               +--------+--------+--------+--------+--------+-----+--------+

Top non-repeatable levels by time:
     D:1: 924 daAuts
     D:4: 864 daAuts
     D:3: 779 daAuts
     D:5: 754 daAuts
     D:2: 622 daAuts
  Temple: 64 daAuts
     D:6: 21 daAuts
